Map: Ulrena

Players

Dayshi

  • Race: Terran Terran
  • League: Grandmaster

Elazer - Winner!

  • Race: Zerg Zerg
  • League: Grandmaster

Event: Homestory Cup XII

VOD

Have the link to the VOD?

Description

Time

  • Played on: Dec. 19, 2015, 12:32 p.m.
  • Length: 16:51

All games in this series

Show
View Real Time Build Order
Export as new Build Order

Dayshi Terran 

Build Orders: Reaper Expand 

Get SALT Encoding   

  12  0:00  SCV  
  13  0:13  SCV  
  14  0:17  Supply Depot  
  14  0:25  SCV  
  15  0:39  SCV  
  15  0:42  Barracks  
  16  0:46  Refinery  
  16  0:51  SCV  
  17  1:03  SCV  
  18  1:15  SCV  
  19  1:29  Orbital Command  
  19  1:30  Reaper  
  20  1:42  Command Center  
  20  1:54  SCV  
  20  1:59  Bunker  
  21  2:02  Marine  
  23  2:09  Supply Depot  
  23  2:13  Factory  
  22  2:17  SCV  
  23  2:24  Barracks Reactor  
  23  2:30  SCV  
  23  2:35  Refinery  
  24  2:42  SCV  
  24  2:54  SCV  
  25  2:59  Orbital Command  
  25  3:00  Marine  
  25  3:01  Marine  
  25  3:02  Bunker  
  27  3:07  SCV, Starport  
  27  3:08  Widow Mine  
  30  3:19  SCV, Marine x2  
  33  3:26  SCV  
  34  3:31  SCV  
  35  3:35  Bunker  
  35  3:36  Marine  
  35  3:37  Marine  
  35  3:41  Factory Tech Lab  
  37  3:43  Medivac  
  37  3:46  Supply Depot  
  37  3:47  SCV  
  40  3:51  SCV  
  39  3:57  Marine x2  
  41  4:08  Liberator  
  41  4:09  SCV  
  37  4:14  Siege Tank  
  37  4:15  Marine x2  
  37  4:29  SCV  
  40  4:35  SCV  
  41  4:38  Marine  
  41  4:43  Marine  
  41  4:44  SCV  
  44  4:47  SCV  
  44  4:48  Siege Tank  
  44  4:52  Liberator  
  48  4:56  SCV  
  48  4:57  Supply Depot  
  48  5:02  SCV  
  48  5:05  Marine x2  
  46  5:08  SCV  
  48  5:14  SCV  
  48  5:19  Supply Depot  
  48  5:20  SCV  
  50  5:26  Marine x2  
  50  5:28  SCV  
  53  5:29  Refinery  
  53  5:32  SCV  
  54  5:40  SCV  
  54  5:42  Siege Tank  
  58  5:44  Marine x2  
  58  5:45  SCV  
  58  5:48  Supply Depot  
  61  5:50  Supply Depot  
  61  5:52  SCV  
  61  5:55  Supply Depot  
  63  5:57  SCV  
  63  6:04  SCV  
  63  6:09  SCV  
  63  6:11  Command Center  
  65  6:22  Barracks x2  
  65  6:24  SCV x2  
  67  6:28  Factory Tech Lab  
  67  6:33  Refinery  
  67  6:34  Starport Reactor  
  67  6:36  SCV x2  
  67  6:39  Engineering Bay, Marine x2  
  70  6:41  Engineering Bay  
  71  6:48  SCV  
  71  6:50  Siege Tank  
  72  6:57  Marine x2  
  74  7:08  Terran Infantry Weapons Level 1, Terran Infantry Armor Level 1, Barracks  
  74  7:09  Barracks  
  74  7:13  Medivac x2  
  74  7:15  Marine x2  
  80  7:16  SCV  
  80  7:19  Supply Depot  
  80  7:20  Stimpack  
  81  7:26  Combat Shields  
  81  7:28  Marauder  
  83  7:30  Orbital Command  
  83  7:33  Marine  
  84  7:37  SCV  
  84  7:38  SCV  
  84  7:42  Marauder  
  84  7:43  Medivac x2  
  92  7:45  Supply Depot  
  92  7:48  Marine  
  92  7:51  Marine  
  93  7:52  Marauder  
  95  8:03  Barracks Reactor, Barracks Tech Lab  
  95  8:05  Barracks Reactor  
  95  8:06  SCV x2  
  95  8:09  Orbital Command  
  95  8:10  Factory Tech Lab  
  96  8:14  Supply Depot, Armory  
  96  8:18  SCV x2  
  96  8:19  Supply Depot  
  98  8:21  Supply Depot  
  98  8:25  Medivac x2  
  104  8:27  Marauder  
  104  8:34  SCV  
  104  8:35  SCV  
  104  8:41  SCV  
  106  8:44  Supply Depot, Marine  
  106  8:45  Marine, Concussive Shells, Marauder  
  106  8:46  SCV  
  106  8:48  Marauder  
  112  8:49  Marine x2  
  112  8:50  Marine  
  112  8:53  Siege Tank  
  112  8:55  SCV x2  
  120  9:00  Marine  
  120  9:02  Marine  
  119  9:03  Marine  
  119  9:06  Marauder  
  119  9:07  Marine x3, Medivac x2  
  130  9:12  Marine  
  125  9:18  Marine  
  125  9:20  Marine  
  125  9:21  Marine  
  112  9:25  Marine x3  
  112  9:28  Marauder  
  112  9:29  Siege Tank  
  112  9:30  Marine  
  102  9:35  Marine  
  102  9:37  SCV x2, Medivac  
  102  9:38  Marine  
  92  9:39  Marine  
  92  9:43  Marine x3  
  93  9:47  Orbital Command  
  93  9:48  Marine  
  93  9:49  SCV, Marauder  
  84  9:53  Marine  
  84  9:56  Marine  
  84  9:57  Marine  
  78  10:02  Marine x3  
  78  10:03  SCV  
  78  10:06  Marine  
  71  10:07  Siege Tank  
  71  10:09  Marine  
  71  10:11  Marine  
  71  10:28  Terran Infantry Weapons Level 2  
  71  10:33  Marine  
  71  10:34  Marine, Marauder x2  
  77  10:38  SCV  
  77  10:39  SCV x2  
  80  10:45  Marine x2  
  82  10:50  SCV  
  82  10:51  SCV, Terran Infantry Armor Level 2  
  82  10:52  Marine  
  82  10:55  SCV, Marauder  
  88  11:00  Marine  
  88  11:03  SCV x2  
  91  11:07  SCV, Marine x2  
  94  11:12  Marine x3  
  94  11:14  Marauder  
  94  11:15  SCV x2  
  94  11:18  Marine, Marauder  
  103  11:19  SCV  
  103  11:25  Marine x2  
  105  11:27  SCV x2  
  105  11:29  Marine  
  105  11:30  Marine x2  
  109  11:33  SCV  
  109  11:35  Marine  
  109  11:36  Marine  
  109  11:39  SCV x2, Marauder  
  114  11:43  Marine x2  
  116  11:47  Marine  
  116  11:48  Siege Tank  
  116  11:51  Marine x2  
  116  11:53  Marauder  
  116  11:54  SCV x3, Marine  
  126  12:00  Liberator, Marine  
  126  12:01  Marine x2  
  130  12:02  Liberator  
  130  12:06  SCV  
  134  12:13  Marine  
  134  12:14  Refinery, Marine x3  
  134  12:15  Marauder  
  138  12:18  Marine  
  138  12:19  Marine x2  
  145  12:31  Marine x2  
  145  12:32  Marine x2  
  145  12:35  Marine  
  145  12:36  Marine x2  
  149  12:37  Marine  
  115  12:49  Marine x4  
  115  12:51  SCV  
  100  12:53  Marine  
  100  12:54  SCV, Marine, Marauder  
  100  12:55  Marine  
  100  12:56  SCV  
  102  13:07  Marine x4  
  102  13:12  Marine x2, Marauder  
  109  13:15  Marauder  
  109  13:17  SCV x3  
  115  13:25  Marine x4  
  115  13:30  Marine x2  
  115  13:32  SCV x2  
  119  13:42  Marauder x2  
  119  13:43  Ghost Academy  
  119  13:44  Terran Infantry Weapons Level 3  
  119  13:47  Marine x2  
  125  13:57  Marine  
  126  14:03  Marauder, Marine x3  
  126  14:04  Marauder  
  126  14:06  Marine x2  
  133  14:12  Supply Depot  
  133  14:14  Marine  
  132  14:18  Orbital Command  
  132  14:21  Marine  
  133  14:25  Marine x2, Marauder x2  
  137  14:32  Marine x2  
  137  14:33  SCV  
  137  14:36  Marine  
  135  14:41  Marine  
  128  14:46  Marauder x2  
  128  14:47  Marine x2  
  128  14:50  Marine x2  
  136  14:59  Marine  
  130  15:05  Marine  
  130  15:06  Marine, Liberator  
  122  15:08  Marauder  
  122  15:09  Liberator  
  122  15:10  Marine x4  
  126  15:19  Marine  
  127  15:22  Siege Tank  
  127  15:28  Ghost x2  
  134  15:34  Marine  
  126  15:38  Marine x2  
  126  15:42  Marine  
  107  15:44  Marine  
  107  15:49  Marine  
  67  15:52  Marine  
  67  15:55  SCV x2  
  67  15:56  Marine x2  
  61  15:57  Marine  
  59  16:04  Marine  
  59  16:06  Marine  
  44  16:14  Marauder, Marine x3  
  44  16:15  Marine  
  48  16:18  Marauder  
  48  16:22  Marine  
  48  16:25  Marine  
  41  16:32  Marine x3  
  43  16:33  Marine  
Show
View Real Time Build Order
Export as new Build Order

Elazer Zerg - Winner!

Build Orders: Hatch First 

Get SALT Encoding   

  12  0:00  Drone  
  13  0:12  Overlord  
  13  0:17  Drone  
  14  0:31  Drone x2  
  14  0:35  Drone  
  17  0:53  Hatchery  
  17  0:55  Drone  
  17  0:58  Drone  
  18  1:08  Extractor  
  17  1:13  Spawning Pool  
  17  1:16  Drone  
  17  1:19  Drone  
  18  1:28  Drone  
  19  1:39  Overlord  
  19  1:59  Queen  
  19  2:00  Zergling x4  
  23  2:06  Zergling x2, Queen  
  26  2:16  Drone, Roach Warren  
  26  2:18  Drone  
  27  2:27  Drone  
  27  2:28  Drone  
  29  2:38  Overlord x2  
  28  2:58  Roach  
  28  2:59  Roach x2  
  28  3:03  Roach  
  36  3:10  Roach x3  
  42  3:15  Roach  
  42  3:17  Roach  
  46  3:20  Roach  
  48  3:27  Drone x2  
  48  3:30  Overlord  
  48  3:34  Ravager  
  51  3:38  Drone  
  47  3:55  Drone  
  46  4:03  Drone  
  46  4:04  Drone x3  
  46  4:05  Drone  
  46  4:06  Drone  
  46  4:08  Drone  
  46  4:09  Drone  
  50  4:10  Drone x2  
  50  4:11  Drone  
  49  4:19  Ravager  
  48  4:27  Drone x2  
  48  4:32  Extractor  
  48  4:34  Extractor  
  48  4:35  Roach x2  
  48  4:38  Queen  
  45  4:39  Hatchery  
  45  4:42  Queen  
  48  4:46  Drone x2  
  48  4:50  Drone x2  
  48  4:51  Drone  
  53  5:05  Roach x3  
  57  5:07  Extractor  
  57  5:09  Drone  
  57  5:13  Drone  
  57  5:14  Drone x2  
  60  5:17  Overlord  
  60  5:24  Lair  
  60  5:28  Overlord  
  60  5:35  Queen  
  62  5:36  Drone x3  
  62  5:39  Spore Crawler  
  62  5:40  Spore Crawler  
  63  5:45  Drone  
  63  5:47  Drone  
  66  5:54  Overlord  
  66  5:56  Queen  
  66  6:00  Drone  
  66  6:04  Ravager x3  
  70  6:07  Drone  
  70  6:09  Drone  
  70  6:11  Extractor  
  71  6:16  Overlord  
  71  6:17  Drone x2  
  71  6:18  Drone  
  74  6:19  Drone  
  74  6:21  Drone  
  74  6:22  Drone  
  74  6:23  Drone  
  74  6:25  Drone  
  78  6:35  Drone x3  
  78  6:36  Drone x2  
  82  6:41  Overlord  
  82  6:44  Drone x2  
  84  6:47  Overlord  
  84  6:49  Drone x2  
  85  6:55  Overlord  
  85  6:56  Evolution Chamber, Overlord  
  85  6:57  Evolution Chamber  
  83  7:02  Drone  
  83  7:04  Roach x3  
  83  7:08  Glial Reconstitution  
  90  7:09  Roach  
  90  7:10  Roach  
  94  7:16  Roach x2  
  94  7:17  Roach x2  
  94  7:22  Zerg Missile Weapons Level 1  
  102  7:23  Extractor  
  102  7:25  Zerg Ground Armor Level 1  
  102  7:29  Drone x3  
  104  7:31  Overlord  
  104  7:39  Roach x5  
  104  7:40  Overlord  
  104  7:43  Overlord x2  
  114  8:01  Roach x9  
  130  8:13  Roach x5  
  130  8:15  Overlord x2  
  130  8:16  Overlord  
  140  8:20  Roach  
  142  8:28  Roach x2  
  146  8:34  Overlord  
  146  8:37  Overlord  
  146  8:42  Roach x4  
  146  8:46  Roach x8  
  170  8:56  Ravager  
  170  8:57  Ravager x3  
  170  8:59  Ravager x2  
  174  9:12  Roach  
  174  9:13  Roach x5  
  174  9:14  Overlord x2  
  186  9:23  Roach x4  
  167  9:28  Roach x5  
  155  9:33  Roach x2  
  142  9:40  Extractor  
  142  9:41  Roach x2  
  130  9:49  Roach x5  
  133  9:54  Roach x2  
  133  10:02  Roach x2  
  133  10:03  Hatchery  
  133  10:06  Roach x3  
  133  10:07  Roach x4  
  127  10:14  Roach x4  
  115  10:26  Drone x3  
  115  10:27  Zerg Missile Weapons Level 2  
  114  10:31  Drone x2  
  114  10:35  Drone x3  
  118  10:36  Drone x3  
  118  10:40  Zerg Ground Armor Level 2  
  122  10:44  Ravager x2  
  124  10:51  Roach  
  124  10:52  Roach x4  
  134  10:57  Roach x3  
  140  11:05  Roach  
  140  11:06  Roach x5  
  140  11:11  Roach x3  
  158  11:13  Extractor  
  158  11:16  Roach x4  
  157  11:37  Roach  
  157  11:38  Roach x6  
  157  11:39  Roach x7  
  179  11:47  Roach x3  
  179  11:53  Roach x2  
  179  11:54  Roach  
  186  11:56  Extractor  
  186  12:00  Ravager  
  186  12:01  Ravager x2  
  188  12:05  Hatchery  
  187  12:12  Spore Crawler, Ravager x2  
  187  12:13  Ravager  
  189  12:16  Ravager  
  189  12:17  Roach  
  189  12:18  Roach x2  
  196  12:24  Ravager x2  
  198  12:30  Ravager  
  155  12:45  Roach x5  
  155  12:50  Roach x4  
  132  12:53  Roach x10  
  132  12:55  Roach x4  
  132  12:56  Roach  
  142  13:04  Roach x5  
  146  13:06  Roach  
  148  13:13  Roach x3  
  148  13:14  Roach  
  148  13:16  Roach  
  148  13:17  Roach  
  154  13:30  Roach x7  
  168  13:35  Ravager x5  
  168  13:38  Ravager  
  174  13:44  Drone x3  
  174  13:46  Ravager  
  174  13:47  Ravager  
  179  13:49  Ravager  
  179  13:55  Roach x6  
  192  14:02  Ravager  
  193  14:16  Infestation Pit  
  158  14:40  Roach  
  158  14:41  Roach x19  
  158  14:42  Overlord x2  
  182  14:47  Ravager  
  182  14:50  Ravager  
  182  14:52  Ravager  
  177  15:04  Roach x8  
  177  15:05  Roach  
  193  15:15  Ravager x3  
  193  15:17  Ravager  
  167  15:35  Hatchery  
  167  15:37  Roach x7  
  167  15:42  Roach  
  164  15:43  Roach  
  141  15:52  Roach x3  
  125  16:07  Roach x4  
  117  16:24  Roach x4  
  107  16:27  Ravager x2  
  107  16:28  Ravager  
Tags
 
Add a new tag
Caveats
  • Supply blocks, unpowered buildings, or Contaminate may cause inaccurate times.
  • Supply counts are checked every 10 seconds.